 Dungeon Crawl Stone Soup version 0.24.0-37-gcf1ca852f1 (webtiles) character file.

Game seed: 7935122278554042280, levelgen mode: deterministic

2962 Klik the Thaumaturge (level 9, -6/39 HPs)
             Began as a Spriggan Earth Elementalist on Nov 30, 2019.
             Was a Believer of Qazlal.
             Mangled by a wolf (8 damage)
             ... led by Grum
             ... on level 7 of the Dungeon.
             The game lasted 01:01:45 (7879 turns).

Klik the Thaumaturge (Spriggan Earth Elementalist)  Turns: 7879, Time: 01:01:45

Health: -6/39      AC:  3    Str:  4    XL:     9   Next: 52%
Magic:  8/25       EV: 20    Int: 19    God:    Qazlal [**....]
Gold:   209        SH:  3    Dex: 17    Spells: 21/30 levels left

rFire    + + .     SeeInvis +   u - staff of fire
rCold    . . .     Gourm    .   (shield currently unavailable)
rNeg     . . .     Faith    .   z - +1 robe {rC+}
rPois    .         Spirit   .   (helmet restricted)
rElec    .         Reflect  .   (no cloak)
rCorr    .         Harm     .   (gloves unavailable)
MR       +....                  (boots unavailable)
Stlth    ++........             (no amulet)
HPRegen  0.13/turn              o - ring of fire
MPRegen  0.19/turn              (no ring)

@: very quick
A: very small, unfitting armour, see invisible, herbivore, speed 3, slow
metabolism 2
a: Upheaval, Renounce Religion


You were on level 7 of the Dungeon.
You worshipped Qazlal.
Qazlal was pleased with you.
You were not hungry.

You visited 1 branch of the dungeon, and saw 8 of its levels.

You collected 306 gold pieces.
You spent 97 gold pieces at shops.

Inventory:

Hand Weapons
 h - a +0 short sword
 w - a +1 flail of protection
 x - a +0 fustibalus
 y - a +1 rapier of draining
Missiles
 b - 39 stones (quivered)
 H - 2 throwing nets
Armour
 c - a +0 robe
 v - the +3 leather armour of Xifenudgh {Str+7, unknown}
   (You found it on level 4 of the Dungeon)

   It affects your strength (+7).
 z - a +1 robe of cold resistance (worn)
 E - a +0 pair of gloves
Magical Staves
 u - an uncursed staff of fire (weapon)
Jewellery
 o - a ring of fire (left hand)
 q - an uncursed ring of fire
 A - an uncursed ring of magical power {unknown}
Wands
 D - a wand of scattershot (3)
Scrolls
 j - 2 scrolls of teleportation
 m - 2 scrolls of remove curse
 n - 6 scrolls of identify
 r - a scroll of blinking
 C - a scroll of enchant weapon {unknown}
 G - a scroll of holy word {unknown}
Potions
 a - a potion of brilliance {unknown}
 e - 4 potions of heal wounds
 f - 2 potions of resistance {unknown}
 g - 5 potions of curing {unknown}
 i - 4 potions of degeneration {unknown}
 k - 2 potions of flight {unknown}
 l - 2 potions of mutation {unknown}
 p - 2 potions of magic {unknown}
 s - a potion of agility {unknown}
 t - 3 potions of might {unknown}
 B - 2 potions of ambrosia {unknown}
 F - a potion of berserk rage {unknown}
Comestibles
 d - 11 rations


   Skills:
 + Level 0.2 Fighting
 + Level 0.3 Short Blades
 + Level 4.6 Dodging
 + Level 4.2 Stealth
 + Level 11.1 Spellcasting
 + Level 2.3 Conjurations
   Level 1.3 Transmutations
 + Level 8.1 Earth Magic


You had 21 spell levels left.
You knew the following spells:

 Your Spells              Type           Power        Failure   Level  Hunger
a - Sandblast             Erth           #####.       1%          1    None
b - Stone Arrow           Conj/Erth      ####..       2%          3    None
c - Lee's Rapid Deconstr  Erth           #####.....   6%          5    ####...

Your spell library contained the following spells:

 Spells                   Type           Power        Failure   Level  Hunger
 Passwall                 Tmut/Erth      ####....     1%          2    None
 Summon Small Mammal      Summ           ##..         7%          1    None
 Call Imp                 Summ           ##......     10%         2    None
 Petrify                  Tmut/Erth      ####....     10%         4    ##.....
 Call Canine Familiar     Summ           ##......     21%         3    None
 Summon Guardian Golem    Hex/Summ       ##......     21%         3    None
 Summon Ice Beast         Ice/Summ       ##......     54%         4    ##.....
 Summon Lightning Spire   Summ/Air       ##......     54%         4    ##.....


Dungeon Overview and Level Annotations

Branches:
Dungeon (8/15)             Temple (0/1) D:7
   Lair: D:8-11

Altars:
Dithmenos
Elyvilon
Gozag
Kikubaaqudgha
Makhleb
Qazlal
Trog
The Shining One

Shops:
D:5 ?   D:6 [


Innate Abilities, Weirdness & Mutations

You are very small and have problems with some larger weapons.
You are too small for most types of armour.
You have supernaturally acute eyesight. (SInv)
You are a herbivore.
You cover ground extremely quickly.
You need to consume almost no food.


Message History

Casting: Sandblast (safe; 1% risk of failure)
Confirm with . or Enter, or press ? or * to list all spells.
Aiming: Sandblast (safe; 1% risk of failure)
Press: ? - help, Shift-Dir - straight line, f - wolf
Aim: a wolf The blast of sand hits the wolf!
The wolf is heavily wounded.
b - 40 stones The wolf completely misses you.
Casting: Sandblast (safe; 1% risk of failure)
Confirm with . or Enter, or press ? or * to list all spells.
Aiming: Sandblast (safe; 1% risk of failure)
Press: ? - help, Shift-Dir - straight line, f/p - wolf
Aim: a wolf (heavily wounded)
The blast of sand misses the wolf.
b - 39 stones The wolf bites you.
* * * LOW HITPOINT WARNING * * *
The wolf bites you!
You die...

####................####
###.....##..........#.....
####....######...............
###....#### #...............
#...#### ##.........<.....
##### ##.....#..........
##......##.........
#.°....####........ ##.@h...#
##....... ##....#..# ##......
##....##..# ###..##
##....###..# ##..# ##....##
#..# ###. ###....## #..# ##
###.....## #..# # ###.......#
#..# ##.........# #..#


You could see a wolf.

Vanquished Creatures
  A two-headed ogre (D:8)
  The ghost of TheWoodenMan the Spear-Bearer, a novice MiGl (D:6)
  The ghost of Tsab79 the Ruffian, an amateur TrBe of Trog (D:5)
  A wyvern (D:8)
  Duvessa (D:4)
  2 phantoms (D:5)
  An ogre (D:5)
  2 centaurs
  A bullfrog (D:6)
  Dowan (D:4)
  2 scorpions (D:5)
  2 wights (D:8)
  3 crimson imps
  4 hounds
  A jelly (D:8)
  3 orc priests
  A centaur skeleton (D:8)
  Jessica (D:2)
  An orc wizard (D:8)
  3 worker ants (D:5)
  A centaur simulacrum (D:5)
  A worker ant zombie (D:5)
  11 adders
  7 gnolls (D:4)
  A hound simulacrum (D:5)
  A white imp (D:5)
  2 worker ant simulacra (D:5)
  An adder zombie (D:5)
  2 worms
  3 dart slugs
  An adder simulacrum (D:5)
  2 leopard geckos
  16 orcs
  7 bats
  3 giant cockroaches
  3 hobgoblins
  12 jackals
  4 kobolds
  2 quokkas
  4 ball pythons
  2 ball python zombies (D:5)
  4 frilled lizards
  A goblin (D:1)
  A quokka simulacrum (D:5)
  8 rats
133 creatures vanquished.

Notes
Turn   | Place    | Note
-------+----------+-------------------------------------------
     0 | D:1      | Klik the Spriggan Earth Elementalist began the quest for
                  | the Orb.
     0 | D:1      | Reached XP level 1. HP: 9/9 MP: 5/5
   300 | D:1      | Reached XP level 2. HP: 13/13 MP: 3/6
   620 | D:2      | Reached skill level 3 in Spellcasting
   643 | D:2      | Found a stormy altar of Qazlal.
   652 | D:2      | Became a worshipper of Qazlal Stormbringer
   686 | D:2      | Reached XP level 3. HP: 16/16 MP: 1/8
   809 | D:2      | Learned a level 3 spell: Stone Arrow
   903 | D:2      | Noticed Jessica
   908 | D:2      | Killed Jessica
   908 | D:2      | Reached skill level 4 in Spellcasting
   908 | D:2      | Reached XP level 4. HP: 21/21 MP: 6/11
  1480 | D:3      | Found a bloodstained altar of Trog.
  1480 | D:3      | Found a white marble altar of Elyvilon.
  1481 | D:3      | Found a glowing golden altar of the Shining One.
  1896 | D:3      | Found a burning altar of Makhleb.
  1949 | D:3      | Reached XP level 5. HP: 24/24 MP: 9/13
  2261 | D:4      | Learned a level 5 spell: Lee's Rapid Deconstruction
  2281 | D:4      | Reached skill level 5 in Spellcasting
  2382 | D:4      | Got a scorched leather armour
  2528 | D:4      | Reached * piety under Qazlal
  2981 | D:4      | Noticed Duvessa
  2981 | D:4      | Noticed Dowan
  3056 | D:4      | Killed Duvessa
  3056 | D:4      | Reached skill level 6 in Spellcasting
  3056 | D:4      | Reached skill level 1 in Conjurations
  3056 | D:4      | Reached XP level 6. HP: 28/28 MP: 1/16
  3124 | D:4      | Killed Dowan
  3651 | D:4      | Found an ancient bone altar of Kikubaaqudgha.
  3796 | D:5      | Entered Level 5 of the Dungeon
  3814 | D:5      | Found Toarutu's Magic Scroll Boutique.
  3817 | D:5      | Bought a scroll of enchant armour for 97 gold pieces
  3831 | D:5      | Reached XP level 7. HP: 32/32 MP: 11/18
  3936 | D:5      | Found an opulent altar of Gozag.
  4147 | D:5      | Reached skill level 5 in Earth Magic
  4299 | D:5      | Found a runed translucent gate.
  4300 | D:5      | Found a runed translucent gate.
  4301 | D:5      | Found a runed translucent gate.
  4424 | D:5      | Noticed Tsab79's ghost (amateur TrBe)
  4453 | D:5      | Killed Tsab79's ghost
  4453 | D:5      | Reached skill level 7 in Spellcasting
  4465 | D:5      | Reached ** piety under Qazlal
  4745 | D:5      | Found a shadowy altar of Dithmenos.
  4892 | D:5      | Reached skill level 8 in Spellcasting
  4894 | D:5      | Reached XP level 8. HP: 32/36 MP: 4/21
  5428 | D:6      | Found Yhivvi's Antique Armour Shop.
  5434 | D:6      | Found a runed translucent door.
  5437 | D:6      | Noticed TheWoodenMan's ghost (novice MiGl)
  5775 | D:6      | Killed TheWoodenMan's ghost
  5775 | D:6      | Reached skill level 9 in Spellcasting
  6797 | D:7      | Found a staircase to the Ecumenical Temple.
  6903 | D:7      | Reached skill level 10 in Spellcasting
  7012 | D:8      | Reached XP level 9. HP: 17/39 MP: 17/24
  7187 | D:8      | Noticed a two-headed ogre
  7196 | D:8      | Killed a two-headed ogre
  7687 | D:8      | Reached skill level 11 in Spellcasting
  7879 | D:7      | Mangled by a wolf

Levels and vault maps discovered:
D:1:      lightli_molten_gateway, layout_loops_corners, hangedman_decor_growths,
          minmay_tiny_reverse_x
D:2:      minmay_skewed_foursquare, layout_rooms,
          nicolae_qazlal_eye_of_the_storm, uniq_jessica
D:3:      layout_loops_ring, lemuel_round_altar, gammafunk_temple_overflow_claw
D:4:      layout_basic, lemuel_coloured_pillars_altar, kennysheep_mini,
          st_stairs_5, uniq_duvessa
D:5:      layout_basic, grunt_gozag_statues, gammafunk_ghost_icy, first_ration,
          serial_shops, nicolae_shop_behind_doors, minmay_misc_feat_tiny,
          kennysheep_decorative_pillar, nicolae_zen_rock_garden,
          nicolae_dithmenos_shadow_blocks
D:6:      layout_basic, hellmonk_ghost_happy_afterlife, serial_shops,
          nicolae_shop_crystal, nrook_mini_backslash
D:7:      layout_cave_pods, minmay_temple_entry_ruins
D:8:      layout_cave_pools, uniq_grum

Skill      XL: |  1  2  3  4  5  6  7  8  9 |
---------------+----------------------------+-----
Earth Magic    | 3 4 5 7 8 |  8.1
Spellcasting   | 3 4 6 8 10 11 | 11.1
Conjurations   | 1 2 |  2.3
Stealth        | 4 |  4.2
Dodging        | 4 |  4.6
Fighting       | |  0.2
Short Blades   | |  0.3
Transmutations | |  1.3

Action                   |  1- 3 |  4- 6 |  7- 9 || total
-------------------------+-------+-------+-------++-------
Melee: Short sword       |       |    13 |       ||    13
       Staff             |       |       |     3 ||     3
 Cast: Sandblast         |    41 |    71 |    93 ||   205
       Stone Arrow       |       |    37 |    64 ||   101
       Lee's Rapid Decon |       |       |     2 ||     2
  Use: Scroll            |       |     7 |       ||     7
  Eat: Ration            |       |     1 |     3 ||     4
Armor: Robe              |     2 |     5 |       ||     7
Dodge: Dodged            |     8 |    25 |    51 ||    84
Block: Other             |       |       |     2 ||     2
